 Dungeon Crawl Stone Soup version 0.28-a0-384-g9e0c098162 (webtiles) character file.

Game seed: 16622634012232994209

12755 mathmaestro the Grappler (level 11, -10/117 HPs)
             Began as a Troll Monk on Sept 2, 2021.
             Mangled by an entropy weaver simulacrum (19 damage)
             ... in an ice cave.
             The game lasted 00:14:59 (7105 turns).

mathmaestro the Grappler (Troll Monk)               Turns: 7105, Time: 00:15:00

Health: -10/117    AC: 11    Str: 30    XL:     11   Next: 66%
Magic:  10/10      EV: 11    Int:  6    God:
Gold:   891        SH:  0    Dex: 12    Spells: 10/10 levels left

rFire   x . .      SeeInvis .     - Unarmed
rCold   + . .      Faith    .   (no shield)
rNeg    . . .      Spirit   .   t - +1 troll leather armour
rPois   .          Reflect  .   (helmet restricted)
rElec   .          Harm     .   p - +2 cloak {rCorr}
rCorr   +          Rampage  .   (gloves unavailable)
Will    .....                   (boots unavailable)
Stlth   +.........              E - amulet of regeneration
HPRegen 3.29/turn               f - ring of ice
MPRegen 0.12/turn               o - +6 ring of strength

@: no status effects
A: large, unfitting armour, claws 3, regeneration 1, shaggy fur 1, tough skin 1
a: no special abilities


You were in an ice cave.
You visited 3 branches of the dungeon, and saw 12 of its levels.
You also visited: Ice Cave.

You collected 891 gold pieces.

Inventory:

Hand Weapons
 v - a +7 hand axe of flaming
Missiles
 a - 2 throwing nets
 l - 308 stones (quivered)
 m - 105 bolts
 n - 147 arrows
 s - 74 sling bullets
 u - 2 boomerangs
 B - 72 poisoned darts
Armour
 p - a +2 cloak of preservation (worn)
 t - a +1 troll leather armour (worn)
 G - a +0 kite shield
 I - +0 acid dragon scales
Jewellery
 e - a ring of see invisible
 f - a ring of ice (left claw)
 o - a +6 ring of strength (right claw)
 D - an amulet of reflection
 E - an amulet of regeneration (around neck)
 H - a ring of poison resistance
Wands
 r - a wand of mindburst (13)
 w - a wand of acid (6)
 y - a wand of flame (18)
 C - a wand of paralysis (17)
Scrolls
 c - 5 scrolls of teleportation
 i - 3 scrolls of immolation
 j - 3 scrolls of fog
 z - a scroll of brand weapon
 J - a scroll of enchant armour
Potions
 b - 3 potions of heal wounds
 d - 6 potions of curing
 g - 2 potions of berserk rage
 h - a potion of lignification
 k - 3 potions of brilliance
 q - a potion of might {unknown}
 x - a potion of invisibility {unknown}
 A - 2 potions of flight
 K - a potion of mutation {unknown}
 L - a potion of haste {unknown}


   Skills:
 - Level 10.0 Fighting
 - Level 5.0 Armour
 - Level 5.0 Dodging
 - Level 1.0 Stealth
 + Level 3.8 Shields
 - Level 12.0 Unarmed Combat


You had 10 spell levels left.
You didn't know any spells.
Your spell library contained the following spells:

 Spells                   Type           Power      Damage    Failure   Level
 Slow                     Hex            0%         N/A       63%         2
 Confusing Touch          Hex            0%         N/A       86%         3
 Tukima's Dance           Hex            0%         N/A       86%         3
 Vampiric Draining        Necr           0%         2d6       86%         3
 Passage of Golubria      Tloc           N/A        N/A       99%         4
 Petrify                  Tmut/Erth      0%         N/A       99%         4
 Metabolic Englaciation   Hex/Ice        0%         N/A       100%        5
 Yara's Violent Unravell  Hex/Tmut       0%         3d3       100%        5
 Statue Form              Tmut/Erth      0%         N/A       100%        6
 Chain Lightning          Conj/Air       0%         N/A       100%        9
 Fire Storm               Conj/Fire      0%         5d1       100%        9


Dungeon Overview and Level Annotations

Branches:
Dungeon (10/15)            Temple (1/1) D:7            Lair (1/6) D:10
    Orc (0/2) D:9           IceCv (1/1)

Altars:
Ashenzari
Cheibriados
Dithmenos
Elyvilon
Fedhas
Gozag
Hepliaklqana
Kikubaaqudgha
Makhleb
Nemelex Xobeh
Okawaru
Qazlal
Ru
Sif Muna
Trog
Uskayaw
Vehumet
Wu Jian
Xom
Yredelemnul
Zin
The Shining One

Shops:
D:9 [([


Innate Abilities, Weirdness & Mutations

You are too large for most types of armour.
You have claws for hands.
Your natural rate of healing is unusually fast.
You are covered in fur. (AC +1)
You have tough skin. (AC +1)


Message History

The entropy weaver simulacrum freezes you!
You resist.
The entropy weaver simulacrum hits you but does no damage.
The entropy weaver simulacrum hits you.
The entropy weaver simulacrum freezes you!
You resist.
The entropy weaver simulacrum hits you but does no damage.
You mangle the entropy weaver simulacrum!!
The entropy weaver simulacrum is heavily damaged.
The entropy weaver simulacrum barely misses you.
The entropy weaver simulacrum hits you.
The entropy weaver simulacrum freezes you!
You resist. The entropy weaver simulacrum hits you!
The entropy weaver simulacrum freezes you!
You resist.
The entropy weaver simulacrum hits you but does no damage.
You scratch the entropy weaver simulacrum but do no damage.
The entropy weaver simulacrum is heavily damaged.
Unknown command.
You scratch the entropy weaver simulacrum but do no damage.
The entropy weaver simulacrum is heavily damaged.
The entropy weaver simulacrum hits you.
The entropy weaver simulacrum freezes you!!
You resist.
* * * LOW HITPOINT WARNING * * *
The entropy weaver simulacrum hits you but does no damage. x2
The entropy weaver simulacrum barely misses you.
You claw the entropy weaver simulacrum!
The entropy weaver simulacrum is almost destroyed.
The entropy weaver simulacrum hits you.
* * * LOW HITPOINT WARNING * * *
The entropy weaver simulacrum freezes you!
You resist.
* * * LOW HITPOINT WARNING * * *
The entropy weaver simulacrum misses you.
The entropy weaver simulacrum hits you!
* * * LOW HITPOINT WARNING * * *
The entropy weaver simulacrum freezes you!!
You resist.
You die...

.. ##.#
#..# ###
#..#
##.####.#
#...##..#
#∩∩.....#
#...##..#
##.####@#
### #Z.#
#..# ##..
..# ..#
#.. ..#


You could see an entropy weaver simulacrum.

Vanquished Creatures
  Pikel (D:6)
  A gargoyle (D:8)
  Maggie (D:10)
  2 cane toads (Lair:1)
  A kobold demonologist (D:10)
  2 rime drakes (Lair:1)
  An entropy weaver simulacrum (IceCv)
  2 komodo dragons
  2 trolls
  A hornet (D:8)
  Sigmund (D:2)
  A vampire (D:10)
  A shadow (D:10)
  23 yaks
  Eustachio (D:6)
  A steam dragon (D:8)
  Duvessa (D:6)
  2 acid dragons
  4 water moccasins
  4 orc warriors
  2 black bears
  2 necrophages
  An ugly thing simulacrum (IceCv)
  An ice beast (D:8)
  A centaur (D:6)
  2 phantoms
  A lemure (D:6)
  A kobold brigand (D:8)
  6 bullfrogs
  A wyvern zombie (D:4)
  3 gnoll sergeants
  4 scorpions
  Dowan (D:6)
  2 glowing shapeshifter simulacra (IceCv)
  6 killer bees (D:7)
  8 wights
  5 orc priests
  A centaur skeleton (D:2)
  4 centaur zombies
  7 hounds
  Crazy Yiuf (D:2)
  2 bullfrog skeletons
  4 iguanas
  Ijyb (D:4)
  7 orc wizards
  A hound skeleton (D:4)
  3 howler monkey zombies
  13 adders
  A howler monkey skeleton (D:6)
  13 gnolls
  3 white imps
  3 worms
  3 dart slugs
  28 orcs
  6 endoplasms
  7 giant cockroaches
  6 goblins
  2 hobgoblins (D:2)
  2 jackals (D:3)
  9 kobolds
  A quokka (D:3)
  6 ball pythons
  7 bats
  2 frilled lizards
  8 rats
251 creatures vanquished.

Vanquished Creatures (others)
  5 dream sheep (D:10)
  A kobold (D:8)
  3 fungi (D:2)
  8 plants
17 creatures vanquished.

Grand Total: 268 creatures vanquished

Notes
Turn   | Place    | Note
-------+----------+-------------------------------------------
     0 | D:1      | mathmaestro the Troll Monk began the quest for the Orb.
     0 | D:1      | Reached XP level 1. HP: 22/22 MP: 0/0
   218 | D:1      | Reached XP level 2. HP: 29/29 MP: 1/1
   733 | D:2      | Noticed Sigmund
   739 | D:2      | Killed Sigmund
   740 | D:2      | Reached skill level 4 in Unarmed Combat
   740 | D:2      | Reached XP level 3. HP: 17/39 MP: 2/2
   740 | D:2      | Reached XP level 4. HP: 21/48 MP: 3/3
   740 | D:2      | Reached XP level 5. HP: 24/54 MP: 4/4
  1211 | D:2      | Found a runed translucent door.
  1212 | D:2      | Noticed Crazy Yiuf
  1220 | D:2      | Killed Crazy Yiuf
  1221 | D:2      | Reached skill level 5 in Unarmed Combat
  1221 | D:2      | Reached XP level 6. HP: 44/62 MP: 5/5
  1506 | D:3      | Found a faded altar of an unknown god.
  1651 | D:3      | Found a sacrificial altar of Ru.
  2109 | D:4      | Reached XP level 7. HP: 53/71 MP: 6/6
  2159 | D:4      | Reached skill level 5 in Fighting
  2159 | D:4      | Reached skill level 6 in Unarmed Combat
  2429 | D:4      | Found an ancient bone altar of Kikubaaqudgha.
  2432 | D:4      | Found a hide-covered altar of Uskayaw.
  2434 | D:4      | Noticed Ijyb
  2443 | D:4      | Killed Ijyb
  2792 | D:5      | Entered Level 5 of the Dungeon
  2792 | D:5      | Noticed a troll
  2806 | D:4      | Killed a troll
  2865 | D:4      | Reached skill level 7 in Unarmed Combat
  2865 | D:4      | Reached XP level 8. HP: 83/83 MP: 7/7
  2927 | D:5      | Reached skill level 1 in Armour
  3246 | D:5      | Identified the +1 robe of the Robin {rF++ rCorr Str-5
                  | Dex+4}
  3325 | D:5      | Found an opulent altar of Gozag.
  3327 | D:5      | Found a blossoming altar of Fedhas.
  3331 | D:5      | Found a stormy altar of Qazlal.
  3332 | D:5      | Found a glowing silver altar of Zin.
  3336 | D:5      | Found a radiant altar of Vehumet.
  3392 | D:6      | Noticed Pikel
  3406 | D:6      | Killed Pikel
  3407 | D:6      | Reached skill level 8 in Unarmed Combat
  3407 | D:6      | Reached XP level 9. HP: 63/93 MP: 8/8
  3598 | D:6      | Found an ornate altar of the Wu Jian Council.
  3727 | D:6      | Noticed Eustachio
  3734 | D:6      | Killed Eustachio
  3787 | D:6      | Noticed a troll
  3789 | D:6      | Noticed Dowan
  3794 | D:6      | Noticed Duvessa
  3802 | D:6      | Killed a troll
  3803 | D:6      | Reached skill level 9 in Unarmed Combat
  3808 | D:6      | Killed Duvessa
  3812 | D:6      | Killed Dowan
  3826 | D:6      | Found the +27 Lear's hauberk
  4165 | D:7      | Found a staircase to the Ecumenical Temple.
  4174 | Temple   | Entered the Ecumenical Temple
  4480 | D:7      | Reached skill level 5 in Armour
  4596 | D:7      | Found a burning altar of Makhleb.
  4967 | D:7      | Reached XP level 10. HP: 88/104 MP: 9/9
  5027 | D:8      | Identified the +5 long sword "Elachug" {elec, Int+3}
  5080 | D:8      | Reached skill level 10 in Unarmed Combat
  5285 | D:8      | Noticed a gargoyle
  5292 | D:8      | Killed a gargoyle
  5461 | D:9      | Reached skill level 11 in Unarmed Combat
  5477 | D:9      | Found Uphoos's Weapon Emporium.
  5479 | D:9      | Found a staircase to the Orcish Mines.
  5492 | D:9      | Found Odythuunu's Armour Emporium.
  5677 | D:9      | Found Delay's Armour Boutique.
  5749 | D:9      | Reached skill level 1 in Shields
  5856 | D:9      | Reached XP level 11. HP: 109/115 MP: 10/10
  6041 | D:10     | Entered Level 10 of the Dungeon
  6252 | D:10     | Noticed Maggie
  6259 | D:10     | Killed Maggie
  6303 | D:10     | Found a shimmering altar of Xom.
  6578 | D:10     | Found a staircase to the Lair.
  6636 | D:10     | Reached skill level 10 in Fighting
  6729 | D:10     | Found a snail-covered altar of Cheibriados.
  6855 | Lair:1   | Entered Level 1 of the Lair of Beasts
  7046 | Lair:1   | Found a frozen archway.
  7071 | IceCv    | Entered an ice cave
  7081 | IceCv    | Reached skill level 5 in Dodging
  7081 | IceCv    | Reached skill level 12 in Unarmed Combat
  7105 | IceCv    | Mangled by an entropy weaver simulacrum

Illustrated notes

Levels and vault maps discovered:
D:1:      wheals_arrival_shading, layout_basic, serial_bayou_lagoon_a,
          kennysheep_boxes
D:2:      layout_loops_ring, uniq_sigmund, uniq_crazy_yiuf_cottage
D:3:      layout_rooms, marbit_many_paths, hellmonk_ecumenical_altar_zigzags,
          nrook_mini_vaults
D:4:      layout_basic, grunt_temple_overflow_open, uniq_ijyb
D:5:      layout_basic, minitemple
D:6:      layout_loops_ring, mainiacjoe_overflow_paths, corexii_shack,
          hellmonk_guarded_unrand_lears, uniq_eustachio, uniq_duvessa,
          uniq_pikel
D:7:      layout_rooms, lemuel_crystal_altar, minmay_temple_entry_arrows
D:8:      layout_rooms, kennysheep_generic_room_3
D:9:      layout_loops_ring, orc_david_3, serial_shops, shop_fountains
D:10:     layout_loops_ring, kb_xom_exploding_sheep,
          mainiacjoe_overflow_alcove_4, lair_entry_dummy, uniq_maggie
Temple:   cyrus_temple_forest
Lair:1:   layout_regular_city, portal_ice_cave_rime, grunt_megastairs_3,
          serial_bayou_shore_a, lemuel_fruit_fields
IceCv:    ice_cave_hellmonk_azure_passage

Skill      XL: |  1  2  3  4  5  6  7  8  9 10 11 |
---------------+----------------------------------+-----
Fighting       | 3 4 5 7 8 9 10 | 10.0
Dodging        | 3 5 |  5.0
Unarmed Combat | 4 5 7 8 9 11 12 | 12.0
Armour         | 3 5 |  5.0
Shields        | 1 3 |  3.8
Stealth        | |  1.0

Action                   |  1- 3 |  4- 6 |  7- 9 | 10-12 || total
-------------------------+-------+-------+-------+-------++-------
Melee: Unarmed           |    36 |   132 |   240 |   280 ||   688
       Punch             |       |     2 |    14 |    21 ||    37
  Use: Scroll            |     2 |     5 |     6 |     9 ||    22
 Stab: Sleeping          |     1 |     3 |     2 |       ||     6
Armor: Robe              |    12 |    48 |    24 |       ||    84
       Troll leather arm |       |       |   103 |    94 ||   197
Dodge: Dodged            |    15 |    71 |   140 |   103 ||   329

Table legend: (Time is in decaauts)
 A = Elapsed time spent in this place.
 B = Non-inter-level travel time spent in this place.
 C = Inter-level travel time spent in this place.
 D = Time resting spent in this place.
 E = Time spent auto-exploring this place.
 F = Levels seen in this place.
 G = Mean time per level.
                   A        B        C        D        E       F      G
               +--------+--------+--------+--------+--------+-----+--------+
         Total |   7012 |   6766 |    246 |    222 |   4833 |  13 |  539.4 |
       Dungeon |   6676 |   6473 |    203 |    213 |   4780 |  10 |  667.6 |
        Temple |     95 |     52 |     43 |      0 |     45 |   1 |   95.0 |
          Lair |    210 |    210 |      0 |      0 |      8 |   1 |  210.0 |
      Ice Cave |     30 |     30 |      0 |      9 |      0 |   1 |   30.0 |
               +--------+--------+--------+--------+--------+-----+--------+

Top non-repeatable levels by time:
     D:4: 894 daAuts
    D:10: 798 daAuts
     D:6: 778 daAuts
     D:2: 745 daAuts
     D:7: 717 daAuts
     D:1: 687 daAuts
     D:9: 674 daAuts
     D:3: 570 daAuts
     D:5: 459 daAuts
     D:8: 349 daAuts
  Lair:1: 210 daAuts
  Temple: 95 daAuts
   IceCv: 30 daAuts
